 Dungeon Crawl Stone Soup version 0.27-a0-1154-gfdeffcb720 (webtiles) character file.

Game seed: 12212844191538451559

14380 HilariousDeathArtist the Cleaver (level 11, -6/89 HPs)
             Began as a Demigod Hedge Wizard on May 14, 2021.
             Mangled by a blink frog (15 damage)
             ... on level 1 of the Lair of Beasts.
             The game lasted 00:31:20 (19234 turns).

HilariousDeathArtist the Cleaver (DgWz)            Turns: 19234, Time: 00:31:21

Health: -6/89      AC: 22    Str: 11    XL:     11   Next: 57%
Magic:  32/32      EV:  4    Int: 28    God:
Gold:   141        SH:  0    Dex: 19    Spells: 5/21 levels left

rFire    . . .     SeeInvis .   a - +5 war axe (vamp)
rCold    + + .     Faith    .   (no shield)
rNeg     + + .     Spirit   .   H - +2 plate armour {rPois}
rPois    +         Reflect  .   S - +1 helmet "Kinok" {Harm rElec}
rElec    +         Harm     +   A - +2 cloak {rCorr}
rCorr    +         Rampage  .   k - +0 pair of gloves
Will     +....                  F - +2 pair of boots
Stlth    ..........             I - macabre finger necklace {rN+}
HPRegen  0.24/turn              v - ring of magical power {MP+9}
MPRegen  0.23/turn              Z - ring of wizardry {Wiz+, !d}
                                C - ring "Feug" {rC++ rN+ Dex+6, =R}

@: no status effects
A: high mp 1, forlorn
a: no special abilities


You were on level 1 of the Lair of Beasts.
You visited 2 branches of the dungeon, and saw 12 of its levels.
You also visited: Sewer and Ossuary.

You collected 701 gold pieces.
You spent 560 gold pieces at shops.

Inventory:

Hand Weapons
 a - a +5 vampiric war axe (weapon)
   (You took it off an orc on level 8 of the Dungeon)
 b - a +2 war axe of flaming
   (You took it off Maggie on level 7 of the Dungeon)
 p - a +4 short sword
   (You took it off an orc on level 3 of the Dungeon)
 w - a +3 short sword of draining
   (You took it off a kobold on level 2 of the Dungeon)
Missiles
 j - 116 arrows
 m - 68 sling bullets
 o - 2 boomerangs of dispersal {=f}
 s - 369 stones
 t - 26 poisoned darts
 u - 7 throwing nets {!d}
 G - 146 bolts
 T - 16 boomerangs
Armour
 k - a +0 pair of gloves (worn)
   (You found it on level 2 of the Dungeon)
 r - a scarf of invisibility
   (You found it on level 6 of the Dungeon)
 A - a +2 cloak of preservation (worn)
   (You found it on level 4 of the Dungeon)
 F - a +2 pair of boots (worn)
   (You found it on level 6 of the Dungeon)
 H - a +2 plate armour of poison resistance (worn)
   (You found it on level 5 of the Dungeon)
 Q - a +2 leather armour of fire resistance
   (You took it off a gnoll shaman on level 7 of the Dungeon)
 S - the +1 helmet "Kinok" (worn) {Harm rElec}
   (You found it on level 8 of the Dungeon)

   It insulates you from electricity.
   It increases damage dealt and taken.
Magical Staves
 Y - a staff of cold {rC+}
   (You found it on level 2 of the Dungeon)
Jewellery
 c - a ring of ice {rC+, rF-}
   (You found it on level 9 of the Dungeon)
 v - a ring of magical power (left hand) {MP+9}
   (You took it off a gnoll on level 5 of the Dungeon)
 C - the ring "Feug" (on amulet) {rC++ rN+ Dex+6, =R}
   (You found it on level 11 of the Dungeon)

   [ring of dexterity]

   It affects your dexterity (+6).
   It greatly protects you from cold.
   It protects you from negative energy.
 I - the macabre finger necklace (around neck) {rN+}
   (You bought it in a shop on level 6 of the Dungeon)

   [amulet of nothing]

   It enables you to equip an extra ring.
   It protects you from negative energy.
 Z - a ring of wizardry (right hand) {Wiz+, !d}
   (You took it off a gnoll on level 8 of the Dungeon)
Wands
 d - a wand of digging (3)
   (You found it on level 2 of the Dungeon)
 e - a wand of charming (3)
   (You found it on level 4 of the Dungeon)
 i - a wand of iceblast (6)
   (You took it off Maggie on level 7 of the Dungeon)
 q - a wand of flame (3)
   (You found it on level 11 of the Dungeon)
 y - a wand of mindburst (8)
   (You took it off an orc on level 8 of the Dungeon)
Scrolls
 g - 2 scrolls of fog
 h - 2 scrolls of amnesia
 l - a scroll of brand weapon
 z - a scroll of torment {!r}
 D - a scroll of blinking {!r}
 E - 2 scrolls of fear
 K - a scroll of immolation {!r}
 O - a scroll of silence
 U - 4 scrolls of magic mapping {@r4!r}
 V - a scroll of identify {@r1}
Potions
 n - a potion of attraction {!q}
 x - a potion of might
 B - 4 potions of brilliance
 J - a potion of curing {@q1}
 L - a potion of flight
 M - a potion of magic
 N - 5 potions of heal wounds {@q2}
 P - a potion of lignification {!q}
 R - a potion of resistance
 W - a potion of haste {unknown}


   Skills:
 + Level 5.7 Fighting
 * Level 8.7 Axes
 + Level 2.0 Armour
 + Level 6.2 Dodging
 - Level 1.7 Stealth
 - Level 5.8 Spellcasting
 - Level 7.2 Conjurations
 - Level 3.5 Hexes
 - Level 0.8 Summonings
 - Level 2.5 Translocations
 - Level 3.8 Air Magic
 - Level 3.8 Poison Magic
 - Level 5.1 Evocations


You had 5 spell levels left.
You knew the following spells:

 Your Spells              Type           Power      Damage    Failure   Level
a - Magic Dart            Conj           100%       1d8       34%         1
b - Blink                 Tloc           N/A        N/A       98%         2
c - Iskenderun's Mystic   Conj/Tloc      35%        2d8       100%        4
d - Cause Fear            Hex            14%        N/A       100%        4
s - Slow                  Hex            28%        N/A       92%         2
x - Mephitic Cloud        Conj/Pois/Air  36%        N/A       94%         3

Your spell library contained the following spells:

 Spells                   Type           Power      Damage    Failure   Level
 Searing Ray              Conj           96%        3d7       47%         2
 Dazzling Flash           Conj/Hex       76%        N/A       91%         3
 Beastly Appendage        Tmut           16%        N/A       99%         1
 Confusing Touch          Hex            28%        N/A       99%         3
 Conjure Flame            Conj/Fire      28%        6-21      99%         3
 Call Imp                 Summ           12%        N/A       100%        2
 Wereblood                Tmut           8%         N/A       100%        2
 Gell's Gravitas          Tloc           11%        N/A       100%        3
 Spider Form              Tmut/Pois      9%         N/A       100%        3
 Animate Dead             Necr           4%         N/A       100%        4
 Fulminant Prism          Conj/Hex       19%        3d11      100%        4
 Ice Form                 Ice/Tmut       8%         N/A       100%        4
 Petrify                  Tmut/Erth      8%         N/A       100%        4
 Borgnjor's Vile Clutch   Necr/Erth      4%         N/A       100%        5
 Hydra Form               Tmut           4%         N/A       100%        5
 Metabolic Englaciation   Hex/Ice        9%         N/A       100%        5
 Silence                  Hex/Air        14%        N/A       100%        5
 Yara's Violent Unravell  Hex/Tmut       9%         3d6       100%        5
 Death Channel            Necr           4%         N/A       100%        6
 Simulacrum               Ice/Necr       4%         N/A       100%        6
 Discord                  Hex            14%        N/A       100%        8


Dungeon Overview and Level Annotations

Branches:
Dungeon (11/15)            Temple (0/1) D:5            Lair (1/6) D:10
  Sewer (visited)         Ossuary (visited)
    Orc: D:9-12

Shops:
D:6 =

Annotations:
D:11 Nergalle


Innate Abilities, Weirdness & Mutations

Your attributes grow dramatically as you level up.
You have an increased reservoir of magic. (+10% MP)
You shall have no god before yourself.


Message History

The five-headed hydra bites you.
The five-headed hydra bites you but does no damage.
The five-headed hydra barely misses you. x2
The five-headed hydra bites you but does no damage.
The five-headed hydra bites you.
The five-headed hydra bites you but does no damage. x2
The five-headed hydra bites you.
The five-headed hydra bites you but does no damage.
There is a staircase back to the Dungeon, spattered with blood here.
You take 19 damage, and have 69/88 hp.
MASSIVE DAMAGE!!
You feel the dreadful sensation subside.
Your +2 war axe of flaming bursts into flame!
b - a +2 war axe of flaming (weapon)
You slice one of the five-headed hydra's heads off!
The flame cauterises the wound!
You slash the four-headed hydra! You burn the four-headed hydra.
You miss the blink frog.
The blink frog blinks!
The blink frog hits you but does no damage.
The four-headed hydra bites you. x2
The four-headed hydra bites you but does no damage. x2
The blink frog hits you.
You take 6 damage, and have 63/88 hp.
You completely miss the four-headed hydra.
You closely miss the blink frog.
The four-headed hydra bites you but does no damage. x2
The four-headed hydra bites you.
The four-headed hydra bites you but does no damage.
The blink frog barely misses you.
You take 2 damage, and have 61/88 hp.
You slice one of the four-headed hydra's heads off!
The flame cauterises the wound!
You slash the three-headed hydra! You burn the three-headed hydra.
You completely miss the blink frog.
The blink frog blinks!
The blink frog hits you but does no damage.
The three-headed hydra bites you but does no damage. x2
The three-headed hydra bites you!
The blink frog blinks!
The blink frog hits you but does no damage.
You take 8 damage, and have 53/88 hp.
You barely miss the three-headed hydra. You miss the blink frog.
The three-headed hydra bites you!
The three-headed hydra bites you but does no damage.
The three-headed hydra barely misses you.
The blink frog blinks!
You take 8 damage, and have 45/88 hp.
You lop one of the three-headed hydra's heads off!
The flame cauterises the wound!
You slash the two-headed hydra! You burn the two-headed hydra!
The two-headed hydra bites you but does no damage. x2
The blink frog blinks!
Your plate armour prevents you from hitting the two-headed hydra.
The two-headed hydra bites you but does no damage. x2
The blink frog hits you.
The blink frog blinks!
You take 2 damage, and have 43/88 hp.
You chop one of the two-headed hydra's heads off!
The flame cauterises the wound!
You hit the one-headed hydra. You burn the one-headed hydra.
The one-headed hydra barely misses you. The blink frog hits you!
The blink frog blinks!
The one-headed hydra bites you.
You take 16 damage, and have 27/88 hp.
You barely miss the one-headed hydra. You barely miss the blink frog.
The blink frog barely misses you. The one-headed hydra bites you.
* * * LOW HITPOINT WARNING * * *
The blink frog hits you but does no damage.
You take 2 damage, and have 25/88 hp.
You slice the one-headed hydra's last head off!
You kill the one-headed hydra!
You barely miss the blink frog. You closely miss the blink frog.
The blink frog blinks!
The blink frog hits you.
* * * LOW HITPOINT WARNING * * *
The blink frog blinks!
The blink frog hits you but does no damage.
Your Armour skill increases to level 2!
You take 7 damage, and have 18/89 hp.
Your +2 war axe of flaming stops flaming.
You feel a sense of dread.
a - a +5 vampiric war axe (weapon)
The blink frog hits you but does no damage.
You slash the blink frog!
You feel better.
You miss the blink frog.
The blink frog hits you but does no damage.
The blink frog hits you.
The blink frog hits you but does no damage.
You regained 11 hp, and now have 29/89 hp.
Your plate armour prevents you from hitting the blink frog.
You hit the blink frog.
The blink frog blinks!
The blink frog barely misses you. The blink frog hits you!
* * * LOW HITPOINT WARNING * * *
The blink frog blinks!
You take 10 damage, and have 19/89 hp.
Unknown command.
You closely miss the blink frog. The blink frog hits you.
* * * LOW HITPOINT WARNING * * *
The blink frog blinks!
The blink frog hits you but does no damage.
You take 1 damage, and have 18/89 hp.
Your plate armour prevents you from hitting the blink frog.
The blink frog hits you!
* * * LOW HITPOINT WARNING * * *
You take 10 damage, and have 8/89 hp.
The blink frog hits you but does no damage.
The blink frog hits you!
You die...

#..#..#............#.###..#
#.................#### #..###.
##...............## #......
#..#...#.......## #.....#
##.####..≈≈..#..# ##.F...#
#..###..≈≈≈≈≈...#######.......
##..#..≈≈≈≈≈≈≈........$F......
#..#..≈≈≈≈≈≈≈.#.....#.#.......
##.#P.≈≈≈≈≈≈F@......###.......
##.##.≈≈≈≈≈.FF.#....# #..F....
####..##.≈≈≈≈≈.........#
#.......
.........≈≈≈≈≈≈≈.......#
#.......
#####.##..≈≈≈≈..###....#
#....... #...###.....###.....#
##..... #..## ###.### #.....#
##.# ### ##....# #.# #....#


You could see 3 blink frogs.

Vanquished Creatures
  Harold (D:8)
  3 hydras
  A two-headed ogre (D:9)
  An ugly thing (D:11)
  A cane toad (Lair:1)
  A gargoyle (D:11)
  Maggie (D:7)
  A hornet (D:9)
  Sigmund (D:3)
  2 wyverns (D:9)
  16 yaks
  4 steam dragons
  4 vampire mosquitoes
  2 acid dragons
  Duvessa (D:6)
  2 ice beasts
  8 orc warriors
  2 sky beasts
  A black bear (D:6)
  A necrophage (D:6)
  2 ogres
  2 centaurs
  A kobold brigand (D:8)
  6 bullfrogs
  Dowan (D:6)
  6 scorpions
  14 killer bees
  A wight (D:8)
  3 jellies
  2 bullfrog zombies (D:6)
  8 centaur zombies
  4 gnoll shamans
  5 hounds
  4 orc priests
  A bullfrog skeleton (D:5)
  4 iguanas
  2 centaur skeletons (D:5)
  A scorpion zombie (D:5)
  Natasha (thrice) (D:2)
  9 orc wizards
  A killer bee zombie (D:8)
  13 mummies (Ossuary)
  24 gnolls
  A howler monkey skeleton (D:4)
  8 adders
  A river rat (D:3)
  A white imp (D:8)
  2 ufetubi
  2 worms
  3 dart slugs
  46 orcs
  19 ball pythons
  8 bats
  13 endoplasms
  18 giant cockroaches
  6 goblins
  8 hobgoblins
  9 jackals
  15 kobolds
  15 quokkas
  13 frilled lizards
  3 gnoll skeletons (Ossuary)
  2 goblin skeletons (Ossuary)
  2 kobold skeletons (Ossuary)
  An orc skeleton (Ossuary)
  9 rats
  11 rat skeletons (Ossuary)
387 creatures vanquished.

Vanquished Creatures (collateral kills)
  A yak (D:10)
  A white imp (D:6)
  2 orcs
4 creatures vanquished.

Vanquished Creatures (others)
  A gargoyle (D:10)
  A vampire mosquito (D:5)
  A centaur zombie (D:6)
3 creatures vanquished.

Grand Total: 394 creatures vanquished

Notes
Turn   | Place    | Note
-------+----------+-------------------------------------------
     0 | D:1      | HilariousDeathArtist the Demigod Hedge Wizard began the
                  | quest for the Orb.
     0 | D:1      | Reached XP level 1. HP: 14/14 MP: 6/6
    19 | D:1      | Reached skill level 1 in Conjurations
   462 | D:1      | Reached skill level 2 in Conjurations
   510 | D:1      | Reached XP level 2. HP: 9/20 MP: 2/8
  1548 | D:2      | Reached XP level 3. HP: 26/26 MP: 7/9
  1551 | D:2      | Learned a level 2 spell: Blink
  1554 | D:2      | Learned a level 2 spell: Slow
  1666 | D:2      | Reached skill level 3 in Conjurations
  1835 | D:2      | Noticed Natasha
  1854 | D:2      | Killed Natasha
  1877 | D:1      | HP: 4/26 [adder (3)]
  1880 | D:1      | HP: 1/26 [poisoned by an adder]
  2443 | D:2      | Reached XP level 4. HP: 33/33 MP: 10/10
  2707 | D:2      | Noticed Natasha
  2725 | D:2      | Killed Natasha
  2726 | D:2      | Reached skill level 4 in Conjurations
  2750 | D:2      | Noticed Natasha
  2760 | D:2      | Killed Natasha
  3080 | D:3      | Learned a level 3 spell: Mephitic Cloud
  3230 | D:3      | Reached XP level 5. HP: 31/38 MP: 6/11
  3258 | D:3      | Found a glowing drain.
  3304 | Sewer    | Entered a sewer
  3317 | Sewer    | Reached skill level 2 in Dodging
  3890 | Sewer    | Reached skill level 1 in Air Magic
  4047 | Sewer    | Reached skill level 1 in Fighting
  4047 | Sewer    | Reached skill level 3 in Spellcasting
  4047 | Sewer    | Reached XP level 6. HP: 19/47 MP: 1/13
  4185 | Sewer    | Reached skill level 1 in Poison Magic
  4445 | D:3      | Noticed Sigmund
  4468 | D:3      | Killed Sigmund
  4469 | D:3      | Reached skill level 5 in Conjurations
  5061 | D:4      | Reached XP level 7. HP: 51/53 MP: 12/15
  5098 | D:4      | Found a sand-covered staircase.
  5105 | Ossuary  | Entered an ossuary
  5162 | Ossuary  | Reached skill level 2 in Air Magic
  5498 | Ossuary  | Reached skill level 2 in Poison Magic
  5625 | Ossuary  | Reached skill level 2 in Fighting
  5989 | Ossuary  | Reached skill level 3 in Dodging
  6845 | D:5      | Entered Level 5 of the Dungeon
  7598 | D:5      | Reached skill level 4 in Spellcasting
  7598 | D:5      | Reached XP level 8. HP: 56/62 MP: 17/17
  7603 | D:5      | Learned a level 4 spell: Iskenderun's Mystic Blast
  7686 | D:5      | Reached skill level 1 in Translocations
  7786 | D:5      | Reached skill level 3 in Air Magic
  7786 | D:5      | Reached skill level 3 in Poison Magic
  7793 | D:5      | Reached skill level 3 in Fighting
  8013 | D:5      | Found a staircase to the Ecumenical Temple.
  8520 | D:6      | HP: 10/63 [centaur/arrow (8)]
  8784 | D:6      | Noticed Duvessa
  8840 | D:6      | Reached skill level 4 in Dodging
  8870 | D:6      | Reached skill level 2 in Translocations
  9073 | D:6      | Noticed Dowan
  9091 | D:6      | Killed Duvessa
  9092 | D:6      | Reached skill level 6 in Conjurations
  9097 | D:6      | Killed Dowan
  9362 | D:6      | Found Rosu's Jewellery Shop.
  9505 | D:6      | Reached XP level 9. HP: 64/71 MP: 17/19
  9755 | D:6      | Reached skill level 1 in Evocations
 10243 | D:7      | Reached skill level 1 in Hexes
 10272 | D:7      | Reached skill level 4 in Fighting
 10459 | D:7      | Reached skill level 2 in Evocations
 10583 | D:7      | Noticed Maggie
 10600 | D:7      | Killed Maggie
 10601 | D:7      | Reached skill level 5 in Spellcasting
 10987 | D:7      | Reached skill level 5 in Dodging
 10987 | D:7      | Reached skill level 2 in Hexes
 10987 | D:7      | Reached skill level 3 in Evocations
 11901 | D:8      | Reached XP level 10. HP: 74/80 MP: 21/21
 11990 | D:8      | Identified the +1 helmet "Kinok" {Harm rElec}
 12001 | D:8      | Reached skill level 4 in Evocations
 12005 | D:8      | HP: 20/80 [orc priest/divine providence (9)]
 12016 | D:8      | Noticed Harold
 12337 | D:8      | Killed Harold
 12338 | D:8      | Reached skill level 5 in Fighting
 12338 | D:8      | Reached skill level 7 in Conjurations
 12338 | D:8      | Reached skill level 3 in Hexes
 13528 | D:8      | Reached skill level 5 in Evocations
 13879 | D:9      | Noticed a catoblepas
 13881 | D:9      | Noticed a two-headed ogre
 14132 | D:9      | Reached skill level 1 in Axes
 14220 | D:9      | Reached skill level 2 in Axes
 14480 | D:9      | Killed a two-headed ogre
 14481 | D:9      | Reached skill level 3 in Axes
 14652 | D:9      | Reached skill level 4 in Axes
 15229 | D:6      | Bought the macabre finger necklace {rN+} for 560 gold
                  | pieces
 15229 | D:6      | Found the macabre finger necklace {rN+}
 15246 | D:6      | Learned a level 4 spell: Cause Fear
 15325 | D:9      | Paralysed by a hornet for 1 turns
 15805 | D:10     | Entered Level 10 of the Dungeon
 15850 | D:10     | Reached skill level 5 in Axes
 15867 | D:10     | Reached XP level 11. HP: 69/87 MP: 23/23
 16017 | D:10     | Reached skill level 6 in Axes
 16362 | D:10     | Found a staircase to the Lair.
 16695 | D:10     | Reached skill level 7 in Axes
 17522 | D:11     | Identified the ring "Feug" {rC++ rN+ Dex+6}
 17584 | D:11     | Noticed Nergalle
 17628 | Lair:1   | Entered Level 1 of the Lair of Beasts
 17647 | Lair:1   | Reached skill level 8 in Axes
 17884 | Lair:1   | Noticed a five-headed hydra
 17884 | Lair:1   | Noticed a five-headed hydra
 17901 | Lair:1   | HP: 22/88 [two-headed hydra (6)]
 17926 | Lair:1   | HP: 14/88 [two-headed hydra (6)]
 18096 | D:10     | Killed a one-headed hydra
 18638 | D:11     | Reached skill level 1 in Armour
 18638 | D:11     | Reached skill level 6 in Dodging
 18736 | D:11     | Noticed a six-headed hydra
 18754 | D:11     | Killed a three-headed hydra
 18809 | D:11     | Noticed a two-headed ogre
 18934 | D:11     | HP: 21/88 [two-headed ogre/+0 giant spiked club (14)]
 19228 | Lair:1   | Killed a one-headed hydra
 19228 | Lair:1   | HP: 18/88 [blink frog (7)]
 19229 | Lair:1   | Reached skill level 2 in Armour
 19233 | Lair:1   | HP: 8/89 [blink frog (10)]
 19234 | Lair:1   | Mangled by a blink frog

Illustrated notes

Levels and vault maps discovered:
D:1:      ncdulo_lavacross, layout_basic, shapermc_ecumenical_altar_notcrosses
D:2:      layout_rooms, minmay_distorted, uniq_natasha
D:3:      layout_basic, portal_sewer_entry_e, wad_floor_pattern_untrapped,
          uniq_sigmund
D:4:      layout_basic, nicolae_ossuary_entry_plus
D:5:      layout_loops_cross, minmay_temple_entry_nine_rooms
D:6:      layout_rooms, nicolae_overflow_hidden_temple, serial_shops, shop,
          uniq_duvessa
D:7:      layout_basic, uniq_maggie
D:8:      layout_loops_cross, special_room [special_room_orc],
          hangedman_abyss_or_decor_stagger, minmay_joined_circles, uniq_harold
D:9:      layout_cave_pools, nicolae_zen_rock_garden, minmay_misc_feat_iff
D:10:     layout_cave_pools
D:11:     layout_loops_ring, david_orc_2, serial_rivers,
          chequers_serial_rivers_micro_a, chequers_serial_rivers_micro_b,
          chequers_serial_rivers_large_b, chequers_serial_rivers_micro_a,
          uniq_urug, uniq_psyche, uniq_nergalle
Lair:1:   layout_gridlike, infiniplex_staircase_pool

Skill      XL: |  1  2  3  4  5  6  7  8  9 10 11 |
---------------+----------------------------------+-----
Conjurations   | 2 3 4 5 6 7 |  7.2
Dodging        | 2 3 4 5 6 |  6.2
Air Magic      | 1 2 3 |  3.8
Fighting       | 1 2 3 4 5 |  5.7
Spellcasting   | 3 4 5 |  5.8
Poison Magic   | 1 2 3 |  3.8
Translocations | 2 |  2.5
Evocations     | 3 5 |  5.1
Hexes          | 2 3 |  3.5
Axes           | 5 8 |  8.7
Armour         | 2 |  2.0
Stealth        | |  1.7
Summonings     | |  0.8

Action                   |  1- 3 |  4- 6 |  7- 9 | 10-12 || total
-------------------------+-------+-------+-------+-------++-------
Melee: Dagger            |    29 |       |       |       ||    29
       Rapier            |    21 |       |       |       ||    21
       Short sword       |       |    78 |   288 |    57 ||   423
       Trident           |       |       |   111 |    98 ||   209
       War axe           |       |       |       |   323 ||   323
Throw: Dart              |       |       |     1 |       ||     1
 Cast: Magic Dart        |    89 |   153 |   324 |    21 ||   587
       Mephitic Cloud    |       |     2 |     9 |    25 ||    36
       Slow              |       |       |     1 |     4 ||     5
       Iskenderun's Myst |       |       |       |     3 ||     3
       Blink             |       |       |       |     2 ||     2
 Abil: Evoke Invisibilit |       |       |       |     2 ||     2
Evoke: Wand              |       |       |     5 |    12 ||    17
  Use: Scroll            |     3 |     4 |     6 |     8 ||    21
       Potion            |       |       |     9 |       ||     9
 Stab: Sleeping          |     1 |     1 |     1 |       ||     3
       Confused          |       |     1 |     1 |    12 ||    14
       Distracted        |       |       |       |     1 ||     1
       Invisible         |       |       |       |     1 ||     1
Armor: Robe              |    21 |    19 |   109 |       ||   149
       Skin              |       |       |    18 |       ||    18
       Acid dragon scale |       |       |    73 |   115 ||   188
       Plate armour      |       |       |       |   327 ||   327
Dodge: Dodged            |    53 |    55 |   297 |   245 ||   650

Table legend: (Time is in decaauts)
 A = Elapsed time spent in this place.
 B = Non-inter-level travel time spent in this place.
 C = Inter-level travel time spent in this place.
 D = Time resting spent in this place.
 E = Time spent auto-exploring this place.
 F = Levels seen in this place.
 G = Mean time per level.
                   A        B        C        D        E       F      G
               +--------+--------+--------+--------+--------+-----+--------+
         Total |  19527 |  18845 |    682 |   7544 |   7854 |  14 | 1394.8 |
       Dungeon |  17048 |  16366 |    682 |   6586 |   6821 |  11 | 1549.8 |
          Lair |    316 |    316 |      0 |    186 |     50 |   1 |  316.0 |
         Sewer |   1055 |   1055 |      0 |    403 |    463 |   1 | 1055.0 |
       Ossuary |   1107 |   1107 |      0 |    369 |    519 |   1 | 1107.0 |
               +--------+--------+--------+--------+--------+-----+--------+

Top non-repeatable levels by time:
     D:8: 3169 daAuts
    D:10: 1943 daAuts
     D:1: 1836 daAuts
     D:7: 1827 daAuts
     D:5: 1755 daAuts
     D:6: 1370 daAuts
     D:2: 1121 daAuts
 Ossuary: 1107 daAuts
     D:3: 1101 daAuts
    D:11: 1072 daAuts
   Sewer: 1055 daAuts
     D:9: 934 daAuts
     D:4: 915 daAuts
  Lair:1: 316 daAuts

Table legend:
 A = Kills in this place as a percentage of kills in entire the game.
 B = Kills by you in this place as a percentage of kills by you in the entire game.
 C = Kills by friends in this place as a percentage of kills by friends in the entire game.
 D = Other kills in this place as a percentage of other kills in the entire game.
 E = Experience gained in this place as a percentage of experience gained in the entire game.
 F = Experience gained in this place divided by the number of levels of this place that you have seen.
                   A       B       C       D       E      F
               +-------+-------+-------+-------+-------+----------------------
         Total | 100.0 | 100.0 | 100.0 | 100.0 | 100.0 | 1467.4
       Dungeon |  77.0 |  75.9 | 100.0 | 100.0 |  90.6 | 1691.4
          Lair |   0.5 |   0.5 |   0.0 |   0.0 |   6.7 | 1385.0
         Sewer |  14.3 |  15.0 |   0.0 |   0.0 |   1.5 | 310.0
       Ossuary |   8.2 |   8.6 |   0.0 |   0.0 |   1.2 | 244.0
               +-------+-------+-------+-------+-------+----------------------
